 Dungeon Crawl Stone Soup version 0.30.1-4-g462c640d31 (webtiles) character file.

Game seed: 2015205137498916088

6371 Logoto the Arsonist (level 10, -9/74 HPs)
             Began as a Pale Draconian Fire Elementalist on Aug 17, 2023.
             Was a Believer of Vehumet.
             Mangled by Snorg (17 damage)
             ... on level 10 of the Dungeon.
             The game lasted 00:43:51 (13454 turns).

Logoto the Arsonist (DrFE)                         Turns: 13454, Time: 00:43:53

Health: -9/74      AC: 11    Str: 13    XL:     10   Next: 65%
Magic:  17/23      EV: 13    Int: 18    God:    Vehumet [**....]
Gold:   613        SH:  5    Dex: 11    Spells: 16/27 levels left

rFire   . . .        t - +6 whip
rCold   . . .        (no shield)
rNeg    . . .        (body armour unavailable)
rPois   .            (helmet restricted)
rElec   .            D - +0 cloak
rCorr   .            u - +1 pair of gloves
SInv    .            f - +0 pair of boots
Will    .....        o - amulet of reflection
Stlth   ++           c - ring of wizardry
HPRegen 0.32/turn    (no ring)
MPRegen 0.18/turn

%: reflection, wizardry (x1)
@: no status effects
A: breathe steam, AC +7, unfitting armour, cold-blooded, steam resistance
a: Breathe Steam, Renounce Religion


You were on level 10 of the Dungeon.
You worshipped Vehumet.
Vehumet was pleased with you.
You visited 3 branches of the dungeon, and saw 12 of its levels.

You collected 769 gold pieces.
You spent 156 gold pieces at shops.

Inventory:

Hand Weapons
 t - a +6 whip (weapon)
 I - a +3 hand axe
 K - a +2 whip of freezing
 N - a +5 dire flail
Missiles
 b - 13 stones
 F - a throwing net
Armour
 f - a +0 pair of boots (worn)
 u - a +1 pair of gloves (worn)
 C - a +0 kite shield
 D - a +0 cloak (worn)
Jewellery
 c - a ring of wizardry (left hand)
 o - an amulet of reflection (around neck)
 J - an amulet of magic regeneration
 O - a ring of fire
Wands
 B - a wand of flame (26)
 M - a wand of light (3)
Scrolls
 e - 2 scrolls of fog
 h - 11 scrolls of identify
 k - 3 scrolls of blinking {unknown}
 l - a scroll of enchant weapon {unknown}
 n - 4 scrolls of fear {unknown}
 p - 4 scrolls of enchant armour
 q - a scroll of silence {unknown}
 r - a scroll of amnesia {unknown}
 v - 5 scrolls of teleportation
 x - a scroll of magic mapping {unknown}
 y - a scroll of vulnerability {unknown}
 G - a scroll of immolation {unknown}
 L - a scroll of torment {unknown}
Potions
 a - 2 potions of magic
 d - 5 potions of curing
 g - 2 potions of might {unknown}
 i - 3 potions of heal wounds
 j - 2 potions of lignification {unknown}
 m - 4 potions of brilliance
 s - a potion of resistance {unknown}
 w - 2 potions of flight {unknown}
 z - a potion of haste {unknown}
 A - 2 potions of cancellation


   Skills:
 + Level 2.5 Fighting
 + Level 1.6(2.6) Axes
 + Level 2.7(3.0) Maces & Flails
 + Level 1.2(1.7) Polearms
 + Level 5.1 Dodging
 + Level 3.8 Stealth
 + Level 4.5 Shields
 + Level 9.3 Spellcasting
 + Level 3.5 Conjurations
 + Level 9.6 Fire Magic


You had 16 spell levels left.
You knew the following spells:

 Your Spells              Type           Power      Damage    Failure   Level
a - Foxfire               Conj/Fire      100%       2x1d9     1%          1
b - Scorch                Fire           86%        2d9       1%          2
c - Magic Dart            Conj           84%        1d7       1%          1
d - Flame Wave            Conj/Fire      32%        2d9       2%          4
e - Static Discharge      Conj/Air       28%        2-4/arc   2%          2
f - Summon Small Mammal   Summ           32%        N/A       3%          1

Your spell library contained the following spells:

 Spells                   Type           Power      Damage    Failure   Level
 Stone Arrow              Conj/Erth      28%        3d8       4%          3
 Kiss of Death            Conj/Necr      56%        2d9       1%          1
 Inner Flame              Hex/Fire       25%        N/A       1%          3
 Volatile Blastmotes      Fire/Tloc      50%        2d14      1%          3
 Call Canine Familiar     Summ           8%         N/A       11%         3
 Confusing Touch          Hex            8%         N/A       11%         3
 Summon Guardian Golem    Hex/Summ       8%         N/A       11%         3
 Dispel Undead            Necr           8%         3d8       32%         4


Dungeon Overview and Level Annotations

Branches:
Dungeon (10/15)            Temple (1/1) D:5            Lair (0/5) D:10
    Orc (1/2) D:9

Altars:
Ashenzari
Cheibriados
Dithmenos
Elyvilon
Fedhas
Gozag
Hepliaklqana
Kikubaaqudgha
Nemelex Xobeh
Okawaru
Qazlal
Ru
Sif Muna
Trog
Uskayaw
Vehumet
Wu Jian
Yredelemnul
Zin
The Shining One

Shops:
D:5 !

Annotations:
D:10 Snorg


Innate Abilities, Weirdness & Mutations

You can breathe blasts of scalding, opaque steam.
Your pale cyan-grey scales are hard. (AC +7)
You cannot fit into any form of body armour.
You are cold-blooded and may be slowed by cold attacks.
You are immune to the effects of steam.


Message History

Confirm with . or Enter, or press ? or * to list all spells.
Flames lash Snorg.
Snorg is burned terribly!
Snorg is heavily wounded.
You hear a shout!
The wolf attacks as you move away! The wolf barely misses you.
You block the wolf's attack.
Casting: Scorch (safe; 1% risk of failure)
Confirm with . or Enter, or press ? or * to list all spells.
Flames lash the goblin.
You kill the goblin!
Vehumet accepts your kill. The wolf closely misses you.
Snorg goes berserk!
You closely miss Snorg.
Snorg is heavily wounded.
The wolf barely misses you. Snorg closely misses you. You block Snorg's attack.
Snorg claws you but does no damage. You block the wolf's attack.
Snorg completely misses you. Snorg closely misses you. Snorg claws you.
Casting: Scorch (safe; 1% risk of failure)
Confirm with . or Enter, or press ? or * to list all spells.
Aiming: Magic Dart (safe; 1% risk of failure)
Press: ? - help, Shift-Dir - straight line, f - Snorg
Aim: Snorg (heavily wounded, berserk, more vulnerable to fire, 100% to hit)
The magic dart hits Snorg.
Snorg is heavily wounded.
The wolf bites you. Snorg bites you but does no damage. Snorg claws you!
Snorg closely misses you. The wolf barely misses you.
Snorg attacks as you move away! Snorg barely misses you.
You block Snorg's attack. Snorg barely misses you. Snorg bites you!
Snorg misses you. Snorg claws you!
* * * LOW HITPOINT WARNING * * *
Snorg attacks as you move away! You block Snorg's attack. x2
Snorg misses you. The wolf closely misses you. Snorg attacks as you move away!
Snorg bites you!
* * * LOW HITPOINT WARNING * * *
Snorg misses you. Snorg claws you but does no damage. The wolf bites you.
* * * LOW HITPOINT WARNING * * *
Snorg bites you.
* * * LOW HITPOINT WARNING * * *
Snorg claws you!
You die...

#..# #.## #### #(.#
##... #g.# #...# #..#
#..## ##g.# ##.#
#...# #.# #.hT# #.#
##@.# #.# #..# ##.#
#..# #..## #..#
####...# ##..#
###......# ##...#
##..[......
##....#####.######...
##..........## #...
#.##..####### ##.#


You could see Snorg (berserk, combustible), a wolf and 2 goblins.

Vanquished Creatures
  A two-headed ogre (D:10)
  Pikel (D:8)
  A kobold demonologist (D:10)
  2 trolls
  2 wraiths
  3 yaks
  A vampire (D:8)
  A steam dragon (D:10)
  A warg (Orc:1)
  Menkaure (D:4)
  2 water moccasins (D:9)
  An orc warrior (D:7)
  A sky beast (D:6)
  2 black bears
  An ogre (D:5)
  2 wolves
  A centaur (D:9)
  4 lemures (D:7)
  A phantom (D:6)
  A kobold brigand (D:7)
  Blork the orc (D:4)
  2 bullfrogs
  2 scorpions (D:5)
  12 wights
  2 howler monkeys (D:9)
  A vampire bat (D:6)
  An electric eel (D:10)
  7 crimson imps
  A jelly (D:5)
  5 hounds
  5 orc priests
  A sleepcap (D:4)
  2 gnoll boudas
  3 iguanas
  8 orc wizards
  17 gnolls
  6 adders
  A shadow imp (D:3)
  4 white imps
  An ufetubus (D:5)
  7 worms
  A dart slug (D:2)
  16 orcs
  12 ball pythons
  4 bats
  A bat skeleton (D:6)
  3 bat zombies (D:6)
  8 endoplasms
  2 giant cockroaches (D:2)
  9 hobgoblins
  2 jackals (D:5)
  5 quokkas
  6 frilled lizards
  10 goblins
  14 kobolds
  10 rats
222 creatures vanquished.

Vanquished Creatures (others)
  382 foxfires
382 creatures vanquished.

Grand Total: 604 creatures vanquished

Notes
Turn   | Place    | Note
-------+----------+-------------------------------------------
     0 | D:1      | Logoto the Draconian Fire Elementalist began the quest for
                  | the Orb.
     0 | D:1      | Reached XP level 1. HP: 14/14 MP: 3/3
   228 | D:1      | Reached XP level 2. HP: 18/20 MP: 0/5
   236 | D:1      | Learned a level 2 spell: Scorch
  1253 | D:1      | Reached XP level 3. HP: 14/26 MP: 0/6
  1491 | D:2      | Identified the +1 ring mail of Pan-Flutes {Int+2}
  1929 | D:2      | Reached skill level 1 in Polearms
  1967 | D:2      | Reached XP level 4. HP: 24/33 MP: 0/7
  2691 | D:2      | Found a sparkling altar of Nemelex Xobeh.
  3334 | D:3      | Reached XP level 5. HP: 39/39 MP: 2/9
  3525 | D:3      | Found a sparkling altar of Nemelex Xobeh.
  3982 | D:4      | Noticed Blork the orc
  3997 | D:4      | Killed Blork the orc
  3998 | D:4      | Reached XP level 6. HP: 37/46 MP: 3/11
  4269 | D:4      | Noticed Menkaure
  4328 | D:4      | Killed Menkaure
  4635 | D:4      | Found a blossoming altar of Fedhas.
  4644 | D:4      | Found a glowing silver altar of Zin.
  4738 | D:5      | Entered Level 5 of the Dungeon
  4744 | D:5      | Found a staircase to the Ecumenical Temple.
  4757 | Temple   | Entered the Ecumenical Temple
  4809 | Temple   | Became a worshipper of Vehumet
  4894 | D:5      | Reached skill level 5 in Fire Magic
  4894 | D:5      | Your scales start taking on a pale cyan-grey colour.
  4894 | D:5      | Reached XP level 7. HP: 39/51 MP: 1/13
  4894 | D:5      | Gained mutation: You are immune to the effects of steam.
                  | [Pale Draconian growth]
  5062 | D:5      | Found Ceumn's Distillery.
  5126 | D:5      | Found a white marble altar of Elyvilon.
  5285 | D:5      | Bought a potion of heal wounds for 60 gold pieces
  5285 | D:5      | Bought a potion of heal wounds for 60 gold pieces
  5285 | D:5      | Bought a potion of curing for 36 gold pieces
  5379 | D:5      | Reached skill level 1 in Fighting
  5379 | D:5      | Reached skill level 1 in Maces & Flails
  5667 | D:5      | Found a snail-covered altar of Cheibriados.
  6307 | D:6      | Reached XP level 8. HP: 48/59 MP: 15/15
  6425 | D:6      | Reached skill level 5 in Spellcasting
  6432 | D:6      | Found an opulent altar of Gozag.
  6578 | D:6      | Found a stormy altar of Qazlal.
  6714 | D:6      | Found a glowing golden altar of the Shining One.
  7038 | D:6      | Reached * piety under Vehumet
  7038 | D:6      | Offered knowledge of Magic Dart by Vehumet.
  7041 | D:6      | Found an ancient bone altar of Kikubaaqudgha.
  7184 | D:6      | Found a bloodstained altar of Trog.
  7190 | D:6      | Learned a level 1 spell: Magic Dart
  7195 | D:6      | Learned a level 4 spell: Flame Wave
  7522 | D:7      | Reached skill level 1 in Shields
  7922 | D:7      | Found a shimmering blue altar of Sif Muna.
  7929 | D:7      | Reached skill level 1 in Axes
  8734 | D:8      | Identified the +2 robe of Romofipt {*Corrode rElec rPois
                  | rN+}
  8762 | D:8      | Reached XP level 9. HP: 40/66 MP: 9/19
  9132 | D:8      | Noticed Pikel
  9432 | D:8      | Killed Pikel
  9788 | D:8      | Found an ornate altar of the Wu Jian Council.
 10339 | D:8      | Reached ** piety under Vehumet
 10339 | D:8      | Offered knowledge of Static Discharge by Vehumet.
 10987 | D:9      | Found a staircase to the Orcish Mines.
 11485 | D:9      | Found a sacrificial altar of Ru.
 11599 | D:9      | Found a hazy altar of Hepliaklqana.
 11685 | D:9      | Learned a level 2 spell: Static Discharge
 11687 | D:9      | Learned a level 1 spell: Summon Small Mammal
 11702 | Orc:1    | Entered Level 1 of the Orcish Mines
 11731 | Orc:1    | Noticed a troll
 11740 | Orc:1    | Reached XP level 10. HP: 70/73 MP: 16/22
 11789 | D:10     | Entered Level 10 of the Dungeon
 11863 | D:8      | HP: 2/73 [vampire/vampiric draining (18)]
 12164 | D:10     | Noticed a sixfirhy
 12749 | D:9      | Offered knowledge of Stone Arrow by Vehumet.
 12828 | D:9      | Reached skill level 5 in Dodging
 12983 | D:10     | Found a staircase to the Lair.
 13170 | D:10     | Noticed a two-headed ogre
 13197 | D:10     | Killed a two-headed ogre
 13440 | D:10     | Noticed Snorg
 13454 | D:10     | Mangled by Snorg

Illustrated notes

Levels and vault maps discovered:
D:1:      elethiomel_arrival_infinity_welcomes_careful_drivers, layout_basic,
          minmay_cut_off
D:2:      layout_rooms, basic_altar, hex_large, minmay_joined_circles
D:3:      layout_rooms, mainiacjoe_overflow_catwalk
D:4:      layout_basic, mainiacjoe_overflow_swirl, minmay_misc_feat_pillars,
          hangedman_abyss_or_decor_stabs, uniq_menkaure, uniq_blork_the_orc
D:5:      layout_rooms, mainiacjoe_overflow_chevrons, slow_altar_2,
          minmay_temple_entry_statues_fountains, serial_shops,
          nicolae_inconvenience_store, grunt_ministairs_7
D:6:      layout_loops_corners, kennysheep_vampire_church,
          mainiacjoe_overflow_surrounded_room, kennysheep_mini,
          mainiacjoe_overflow_cross_hatched, mainiacjoe_overflow_brackets
D:7:      layout_loops_corners, kennysheep_orc_sif_temple
D:8:      layout_basic, nzn_wu_jian_council_hall, minmay_nine_imps, uniq_pikel
D:9:      layout_basic, mainiacjoe_overflow_alcove_1,
          lemuel_coloured_pillars_altar, orc_0_dummy
D:10:     layout_layer_cave, grunt_temple_overflow_champion_of_chaos,
          erik_lair_island, enter_bailey_5, dk_vineyard_3, uniq_snorg
Temple:   hellmonk_temple_two_chambers
Orc:1:    layout_diamond_mine, mines3_lemuel

Skill      XL: |  1  2  3  4  5  6  7  8  9 10 |
---------------+-------------------------------+-----
Stealth        | 2 3 |  3.8
Polearms       | 1 |  1.2
Dodging        | 2 3 4 5 |  5.1
Fire Magic     | 4 5 6 7 8 9 |  9.6
Spellcasting   | 3 4 6 8 9 |  9.3
Conjurations   | 2 3 |  3.5
Fighting       | 1 2 |  2.5
Maces & Flails | 1 2 |  2.7
Shields        | 2 4 |  4.5
Axes           | 1 |  1.6

Action                     |  1- 3 |  4- 6 |  7- 9 | 10-12 || total
---------------------------+-------+-------+-------+-------++-------
  Melee: Spear             |    58 |    21 |       |       ||    79
         Tailslap          |     5 |    10 |    41 |     2 ||    58
         Hand axe          |       |    19 |    45 |       ||    64
         Whip              |       |    25 |   214 |     4 ||   243
         Dire flail        |       |       |       |    19 ||    19
   Cast: Foxfire           |    51 |    42 |   120 |    37 ||   250
         Scorch            |     6 |    39 |   148 |    61 ||   254
         Magic Dart        |       |       |     4 |     1 ||     5
    Use: Potion            |       |       |     2 |     3 ||     5
         Scroll            |       |       |       |     5 ||     5
   Stab: Sleeping          |     1 |     3 |     2 |       ||     6
 Armour: Skin              |    18 |    25 |   147 |    41 ||   231
  Dodge: Dodged            |    36 |    75 |   181 |    64 ||   356
  Block: Kite shield       |       |       |   243 |    30 ||   273
         Reflection        |       |       |     4 |       ||     4
         Other             |       |       |       |    24 ||    24
